TOP OF THE 1ST |
Seattle Rocketeers batting - Pitching for Houston 1837 BBC : RHP Horiuchi Tanaka
|
Pitching: RHP Horiuchi Tanaka
|
|
Batting: SHB Glyn Bolasky
|
0-0: Ball 1-0: Foul Ball, location: 2F 1-1: Foul Ball, location: 2F 1-2: Ball 2-2: Ground out 4-3 (Groundball, 4, EV 86.9 MPH)
|
Batting: LHB Vicente Gonzáles
|
0-0: Ball 1-0: Ball 2-0: Ball 3-0: Base on Balls
|
Batting: RHB Jurgen Flurgenburgen
|
0-0: Called Strike 0-1: Foul Ball, location: 2F 0-2: Grounds into double play, 6-4-3 (Groundball, 6, EV 81.9 MPH)
|
Top of the 1st over - 0 runs, 0 hits, 0 errors, 0 left on base; Seattle 0 - Houston 0 |
BOTTOM OF THE 1ST |
Houston 1837 BBC batting - Pitching for Seattle Rocketeers : RHP Alain Arnaud
|
Pitching: RHP Alain Arnaud
|
|
Batting: LHB César Gómes
|
0-0: Called Strike 0-1: Ground out 1-3 (Groundball, 34S, EV 83.8 MPH)
|
Batting: RHB Adam Smith
|
0-0: Called Strike 0-1: Foul Ball, location: 2F 0-2: Ball 1-2: Ball 2-2: Foul Ball, location: 2F 2-2: Foul Ball, location: 2F 2-2: Ball 3-2: Foul Ball, location: 2F 3-2: Base on Balls
|
Batting: LHB Javier Seco
|
0-0: Ball 1-0: Foul Ball, location: 2F 1-1: Foul Ball, location: 2F 1-2: Foul Ball, location: 2F 1-2: Ball 2-2: Grounds into double play, 6-4-3 (Groundball, 6, EV 84.4 MPH)
|
Bottom of the 1st over - 0 runs, 0 hits, 0 errors, 0 left on base; Seattle 0 - Houston 0 |
TOP OF THE 2ND |
Seattle Rocketeers batting - Pitching for Houston 1837 BBC : RHP Horiuchi Tanaka
|
Batting: RHB Bastiaan Pieterse
|
0-0: Foul Ball, location: 2F 0-1: Fly out, F3 (Popup, 3S, EV 66.9 MPH)
|
Batting: RHB Claudio Tappen
|
0-0: Ground out 5-3 (Groundball, 5, EV 78.8 MPH)
|
Batting: RHB Alain Grosjean
|
0-0: Called Strike 0-1: Ball 1-1: Ball 2-1: SINGLE (Groundball, 6MD, EV 95.6 MPH)
|
Batting: RHB Meester Gobbles-Rooster
|
0-0: Ball 1-0: Swinging Strike 1-1: Fly out, F7 (Flyball, 7, EV 77.5 MPH)
|
Top of the 2nd over - 0 runs, 1 hit, 0 errors, 1 left on base; Seattle 0 - Houston 0 |
BOTTOM OF THE 2ND |
Houston 1837 BBC batting - Pitching for Seattle Rocketeers : RHP Alain Arnaud
|
Batting: RHB Krystof Melichar
|
0-0: Fly out, F9 (Flyball, 9S, EV 78.1 MPH)
|
Batting: LHB Bill Dixon
|
0-0: Ball 1-0: Ball 2-0: Ball 3-0: Called Strike 3-1: Ground out U3 (Groundball, 3, EV 105.0 MPH)
|
Batting: RHB Min-gook Ch'oe
|
0-0: Ball 1-0: Ground out 6-3 (Groundball, 6, EV 98.1 MPH)
|
Bottom of the 2nd over - 0 runs, 0 hits, 0 errors, 0 left on base; Seattle 0 - Houston 0 |
TOP OF THE 3RD |
Seattle Rocketeers batting - Pitching for Houston 1837 BBC : RHP Horiuchi Tanaka
|
Batting: SHB Charles Geudre
|
0-0: Called Strike 0-1: Fly out, F8 (Flyball, 8LS, EV 89.4 MPH)
|
Batting: SHB Lodd Felton
|
0-0: Foul Ball, location: 2F 0-1: Swinging Strike 0-2: Foul Ball, location: 2F 0-2: Foul Ball, location: 2F 0-2: Ball 1-2: Foul Ball, location: 2F 1-2: Ball 2-2: Ball 3-2: Fly out, F9 (Line Drive, 9, EV 85.6 MPH)
|
Batting: SHB Glyn Bolasky
|
0-0: Called Strike 0-1: Ball 1-1: Ball 2-1: Foul Ball, location: 2F 2-2: Ball 3-2: Foul Ball, location: 2F 3-2: Hit by Pitch
|
Pinch Runner at 1st Bogumil Tiwontschik:
|
|
Batting: LHB Vicente Gonzáles
|
0-0: Swinging Strike 0-1: Ball 1-1: Ball 2-1: Foul Ball, location: 2F 2-2: Ball 3-2: Strikes out swinging
|
Top of the 3rd over - 0 runs, 0 hits, 0 errors, 1 left on base; Seattle 0 - Houston 0 |
BOTTOM OF THE 3RD |
Houston 1837 BBC batting - Pitching for Seattle Rocketeers : RHP Alain Arnaud
|
Now in RF: Juan Gutiérrez
|
|
Batting: SHB Yeow-whye Zhu
|
0-0: Ball 1-0: Foul Ball, location: 2F 1-1: Fly out, F5 (Popup, 5F, EV 79.4 MPH)
|
Batting: LHB Ramiro Palmeiro
|
0-0: Ball 1-0: Fly out, F9 (Flyball, 9LS, EV 73.1 MPH)
|
Batting: SHB Zack Murphy
|
0-0: Swinging Strike 0-1: Fly out, F8 (Flyball, 89D, EV 108.8 MPH)
|
Bottom of the 3rd over - 0 runs, 0 hits, 0 errors, 0 left on base; Seattle 0 - Houston 0 |
TOP OF THE 4TH |
Seattle Rocketeers batting - Pitching for Houston 1837 BBC : RHP Horiuchi Tanaka
|
Batting: RHB Jurgen Flurgenburgen
|
0-0: Called Strike 0-1: Ball 1-1: Ball 2-1: Swinging Strike 2-2: Strikes out swinging
|
Batting: RHB Bastiaan Pieterse
|
0-0: Fly out, F2 (Popup, 3SF, EV 78.1 MPH)
|
Batting: RHB Claudio Tappen
|
0-0: Ball 1-0: DOUBLE (Line Drive, 9LS, EV 88.8 MPH)
|
Batting: RHB Alain Grosjean
|
0-0: SINGLE (Groundball, 6MD, EV 103.8 MPH) Claudio Tappen to third Runner from 3rd tries for Home, SAFE, no throw by CF
|
Batting: RHB Meester Gobbles-Rooster
|
0-0: DOUBLE (Flyball, 8LXD, EV 93.8 MPH) Alain Grosjean to third Runner from 3rd tries for Home, SAFE, throw by CF to trailing runner, SAFE at third!
|
Batting: SHB Charles Geudre
|
0-0: Called Strike 0-1: Ball 1-1: Ground out 2-3 (Groundball, 2L, EV 63.1 MPH)
|
Top of the 4th over - 2 runs, 3 hits, 0 errors, 1 left on base; Seattle 2 - Houston 0 |
BOTTOM OF THE 4TH |
Houston 1837 BBC batting - Pitching for Seattle Rocketeers : RHP Alain Arnaud
|
Batting: LHB César Gómes
|
0-0: Ball 1-0: Called Strike 1-1: SOLO HOME RUN (Flyball, 9LD, EV 104.4 MPH), Distance : 337 ft
|
Batting: RHB Adam Smith
|
0-0: SINGLE (Line Drive, 7S, EV 91.9 MPH)
|
Batting: LHB Javier Seco
|
0-0: Ball 1-0: Called Strike 1-1: Ball 2-1: Foul Ball, location: 2F 2-2: Foul Ball, location: 2F 2-2: Foul Ball, location: 2F 2-2: Foul Ball, location: 2F 2-2: Foul Ball, location: 2F 2-2: Foul Ball, location: 2F 2-2: Strikes out swinging
|
Batting: RHB Krystof Melichar
|
0-0: Ball 1-0: Foul Ball, location: 2F 1-1: Ball 2-1: Ball 3-1: Foul Ball, location: 2F 3-2: Foul Ball, location: 2F 3-2: SINGLE (Groundball, 6D, EV 104.4 MPH) Adam Smith to second
|
Batting: LHB Bill Dixon
|
0-0: Fly out, F8 (Line Drive, 8LM, EV 97.5 MPH)
|
Batting: RHB Min-gook Ch'oe
|
0-0: Ball 1-0: Ball 2-0: Called Strike 2-1: Ball 3-1: Called Strike 3-2: Fly out, F6 (Popup, 15, EV 76.9 MPH)
|
Bottom of the 4th over - 1 run, 3 hits, 0 errors, 2 left on base; Seattle 2 - Houston 1 |
TOP OF THE 5TH |
Seattle Rocketeers batting - Pitching for Houston 1837 BBC : RHP Horiuchi Tanaka
|
Batting: SHB Lodd Felton
|
0-0: Called Strike 0-1: SINGLE (Line Drive, 56D, EV 106.9 MPH)
|
Batting: LHB Juan Gutiérrez
|
0-0: Foul Ball, location: 2F 0-1: Ball 1-1: Ball 2-1: Ball 3-1: Base on Balls Lodd Felton to second
|
Batting: LHB Vicente Gonzáles
|
0-0: Bunted foul 0-1: Sac Bunt to 2R - play at first, batter OUT! 2-4 Lodd Felton to third Juan Gutiérrez to second
|
Batting: RHB Jurgen Flurgenburgen
|
0-0: Called Strike 0-1: Swinging Strike 0-2: Ball 1-2: SINGLE (Line Drive, 34D, EV 95.0 MPH) Lodd Felton scores Juan Gutiérrez to third
|
Batting: RHB Bastiaan Pieterse
|
0-0: Ball 1-0: Swinging Strike 1-1: Ball 2-1: Foul Ball, location: 2F 2-2: Ball 3-2: Foul Ball, location: 2F 3-2: Strikes out looking
|
Batting: RHB Claudio Tappen
|
0-0: Ball 1-0: Called Strike 1-1: Ground out 2-3 (Groundball, 2R, EV 68.1 MPH)
|
Top of the 5th over - 1 run, 2 hits, 0 errors, 2 left on base; Seattle 3 - Houston 1 |
BOTTOM OF THE 5TH |
Houston 1837 BBC batting - Pitching for Seattle Rocketeers : RHP Alain Arnaud
|
Batting: SHB Yeow-whye Zhu
|
0-0: Fly out, F7 (Flyball, 7LM, EV 100.0 MPH)
|
Batting: LHB Ramiro Palmeiro
|
0-0: Ball 1-0: Foul Ball, location: 2F 1-1: Ball 2-1: Ball 3-1: Foul Ball, location: 2F 3-2: Foul Ball, location: 2F 3-2: Base on Balls
|
Batting: SHB Zack Murphy
|
0-0: Called Strike Ramiro Palmeiro steals 2nd base 0-1: Ball 1-1: SINGLE (Groundball, 25, EV 70.6 MPH) (infield hit) Ramiro Palmeiro to third
|
Batting: LHB César Gómes
|
0-0: Ball Zack Murphy is caught stealing 2nd base 2-6 1-0: Ball 2-0: Ball 3-0: Called Strike 3-1: Base on Balls
|
Batting: RHB Adam Smith
|
0-0: Ball 1-0: Swinging Strike 1-1: Foul Ball, location: 2F 1-2: Strikes out swinging
|
Bottom of the 5th over - 0 runs, 1 hit, 0 errors, 2 left on base; Seattle 3 - Houston 1 |
TOP OF THE 6TH |
Seattle Rocketeers batting - Pitching for Houston 1837 BBC : RHP Horiuchi Tanaka
|
Batting: RHB Alain Grosjean
|
0-0: Called Strike 0-1: Ball 1-1: Swinging Strike 1-2: Ground out 1-3 (Groundball, 34S, EV 82.5 MPH)
|
Batting: RHB Meester Gobbles-Rooster
|
0-0: Ground out 6-3 (Groundball, 6, EV 94.4 MPH)
|
Batting: SHB Charles Geudre
|
0-0: Ball 1-0: Called Strike 1-1: Ball 2-1: Ground out 6-3 (Groundball, 6M, EV 103.8 MPH)
|
Top of the 6th over - 0 runs, 0 hits, 0 errors, 0 left on base; Seattle 3 - Houston 1 |
BOTTOM OF THE 6TH |
Houston 1837 BBC batting - Pitching for Seattle Rocketeers : RHP Alain Arnaud
|
Batting: LHB Javier Seco
|
0-0: Ball 1-0: Called Strike 1-1: Ball 2-1: Fly out, F9 (Flyball, 89M, EV 91.2 MPH)
|
Batting: RHB Krystof Melichar
|
0-0: Ball 1-0: Foul Ball, location: 2F 1-1: Foul Ball, location: 2F 1-2: Fly out, F8 (Line Drive, 8LD, EV 99.4 MPH)
|
Batting: LHB Bill Dixon
|
0-0: Foul Ball, location: 2F 0-1: Ball 1-1: SINGLE (Groundball, 5S, EV 72.5 MPH) (infield hit)
|
Batting: RHB Min-gook Ch'oe
|
0-0: Ball 1-0: Called Strike 1-1: Ball 2-1: Foul Ball, location: 2F 2-2: Strikes out swinging passed ball, reaches first! Bill Dixon to second
|
Batting: SHB Yeow-whye Zhu
|
0-0: Ball 1-0: Called Strike 1-1: Called Strike 1-2: Ball 2-2: Foul Ball, location: 2F 2-2: SINGLE (Line Drive, 7S, EV 88.8 MPH) Bill Dixon to third Min-gook Ch'oe to second Runner from 3rd tries for Home, SAFE, throw by LF to home
|
Pitching: RHP Okura Yamasaki
|
|
Batting: LHB Ramiro Palmeiro
|
0-0: Foul Ball, location: 2F 0-1: Ball 1-1: Ball 2-1: Foul Ball, location: 2F 2-2: SINGLE (Groundball, 34, EV 81.9 MPH) (infield hit) Min-gook Ch'oe to third Yeow-whye Zhu to second
|
Batting: SHB Zack Murphy
|
0-0: Called Strike 0-1: Ground out 4-3 (Groundball, 4, EV 79.4 MPH)
|
Bottom of the 6th over - 1 run, 3 hits, 0 errors, 3 left on base; Seattle 3 - Houston 2 |
TOP OF THE 7TH |
Seattle Rocketeers batting - Pitching for Houston 1837 BBC : RHP Horiuchi Tanaka
|
Batting: SHB Lodd Felton
|
0-0: Called Strike 0-1: Called Strike 0-2: Ball 1-2: Ball 2-2: Foul Ball, location: 2F 2-2: Ground out 4-3 (Groundball, 4, EV 85.6 MPH)
|
Pitching: LHP Jeffery Meyers
|
|
Batting: LHB Juan Gutiérrez
|
0-0: Ball 1-0: Ball 2-0: Foul Ball, location: 2F 2-1: SINGLE (Groundball, 4MD, EV 95.0 MPH)
|
Batting: LHB Vicente Gonzáles
|
0-0: Ball 1-0: Ground out 4-3 (Groundball, 4S, EV 68.1 MPH) Juan Gutiérrez to second
|
Batting: RHB Jurgen Flurgenburgen
|
0-0: Foul Ball, location: 2F 0-1: Ball 1-1: Foul Ball, location: 2F 1-2: Ball 2-2: Strikes out swinging
|
Top of the 7th over - 0 runs, 1 hit, 0 errors, 1 left on base; Seattle 3 - Houston 2 |
BOTTOM OF THE 7TH |
Houston 1837 BBC batting - Pitching for Seattle Rocketeers : RHP Okura Yamasaki
|
Batting: LHB César Gómes
|
0-0: Foul Ball, location: 2F 0-1: SINGLE (Groundball, 34D, EV 98.8 MPH)
|
Batting: RHB Adam Smith
|
0-0: Ball 1-0: Ball 2-0: Swinging Strike 2-1: Swinging Strike 2-2: Foul Ball, location: 2F 2-2: Fly out, F9 (Flyball, 9LS, EV 89.4 MPH)
|
Batting: LHB Javier Seco
|
0-0: Foul Ball, location: 2F 0-1: Ball 1-1: Ball 2-1: Reached on error, E1 (Groundball, 13S, EV 71.9 MPH) César Gómes to second
|
Batting: RHB Krystof Melichar
|
0-0: Ball 1-0: Fly out, F8 (Line Drive, 8RM, EV 98.8 MPH)
|
Batting: LHB Bill Dixon
|
0-0: Called Strike 0-1: Fly out, F7 (Flyball, 78M, EV 93.8 MPH)
|
Bottom of the 7th over - 0 runs, 1 hit, 1 error, 2 left on base; Seattle 3 - Houston 2 |
TOP OF THE 8TH |
Seattle Rocketeers batting - Pitching for Houston 1837 BBC : LHP Jeffery Meyers
|
Batting: RHB Bastiaan Pieterse
|
0-0: Fly out, F8 (Line Drive, 8RD, EV 90.0 MPH)
|
Batting: RHB Claudio Tappen
|
0-0: Called Strike 0-1: Ball 1-1: Called Strike 1-2: Ground out 4-3 (Groundball, 4S, EV 86.9 MPH)
|
Batting: RHB Alain Grosjean
|
0-0: Ball 1-0: SINGLE (Groundball, 6MD, EV 100.6 MPH)
|
Batting: RHB Meester Gobbles-Rooster
|
0-0: Swinging Strike 0-1: Foul Ball, location: 2F 0-2: DOUBLE (Line Drive, 3D, EV 105.0 MPH) Alain Grosjean to third Runner from 3rd tries for Home, SAFE, throw by RF to trailing runner, SAFE at third!
|
Batting: SHB Charles Geudre
|
0-0: Foul Ball, location: 2F 0-1: Called Strike 0-2: Strikes out swinging
|
Top of the 8th over - 1 run, 2 hits, 0 errors, 1 left on base; Seattle 4 - Houston 2 |
BOTTOM OF THE 8TH |
Houston 1837 BBC batting - Pitching for Seattle Rocketeers : RHP Okura Yamasaki
|
Batting: RHB Min-gook Ch'oe
|
0-0: Swinging Strike 0-1: Called Strike 0-2: Ball 1-2: Strikes out swinging
|
Batting: SHB Yeow-whye Zhu
|
0-0: Ball 1-0: Ball 2-0: SINGLE (Line Drive, 34D, EV 102.5 MPH)
|
Batting: LHB Ramiro Palmeiro
|
0-0: Ball 1-0: Fly out, F8 (Line Drive, 8RM, EV 91.9 MPH)
|
Batting: SHB Zack Murphy
|
0-0: Ball 1-0: Swinging Strike 1-1: SINGLE (Groundball, 4MD, EV 108.8 MPH) Yeow-whye Zhu to second
|
Pitching: RHP Min-chor Chon
|
|
Batting: LHB César Gómes
|
0-0: Swinging Strike 0-1: SINGLE (Groundball, 4, EV 90.6 MPH) (infield hit) Yeow-whye Zhu to third Zack Murphy to second
|
Batting: RHB Adam Smith
|
0-0: Ball 1-0: SINGLE (Groundball, 6MD, EV 109.4 MPH) Yeow-whye Zhu scores Zack Murphy to third César Gómes to second Runner from 3rd tries for Home, SAFE, throw by CF to home
|
Batting: LHB Javier Seco
|
0-0: Ground out 3-1 (Groundball, 34, EV 95.0 MPH)
|
Bottom of the 8th over - 2 runs, 4 hits, 0 errors, 2 left on base; Seattle 4 - Houston 4 |
TOP OF THE 9TH |
Seattle Rocketeers batting - Pitching for Houston 1837 BBC : LHP Jeffery Meyers
|
Batting: SHB Lodd Felton
|
0-0: Ball 1-0: Foul Ball, location: 2F 1-1: Ball 2-1: Foul Ball, location: 2F 2-2: Strikes out swinging
|
Pinch Hitting: RHB Yaakov Shmerkin
|
0-0: Fly out, F9 (Flyball, 9LD, EV 110.0 MPH)
|
Batting: LHB Vicente Gonzáles
|
0-0: Ball 1-0: Ground out U3 (Groundball, 3L, EV 85.6 MPH)
|
Top of the 9th over - 0 runs, 0 hits, 0 errors, 0 left on base; Seattle 4 - Houston 4 |
BOTTOM OF THE 9TH |
Houston 1837 BBC batting - Pitching for Seattle Rocketeers : RHP Min-chor Chon
|
Now in LF: Yaakov Shmerkin
|
|
Batting: RHB Krystof Melichar
|
0-0: Called Strike 0-1: Ball 1-1: Ball 2-1: Foul Ball, location: 2F 2-2: Ground out 6-3 (Groundball, 6, EV 80.6 MPH)
|
Batting: LHB Bill Dixon
|
0-0: Foul Ball, location: 2F 0-1: Ball 1-1: Ball 2-1: Foul Ball, location: 2F 2-2: Ground out 6-3 (Groundball, 6, EV 105.6 MPH)
|
Batting: RHB Min-gook Ch'oe
|
0-0: Foul Ball, location: 2F 0-1: Foul Ball, location: 2F 0-2: Strikes out looking
|
Bottom of the 9th over - 0 runs, 0 hits, 0 errors, 0 left on base; Seattle 4 - Houston 4 |
TOP OF THE 10TH |
Seattle Rocketeers batting - Pitching for Houston 1837 BBC : LHP Jeffery Meyers
|
Pitching: RHP Edmond McCord
|
|
Batting: RHB Jurgen Flurgenburgen
|
0-0: Ball 1-0: Swinging Strike 1-1: Ground out 6-3 (Groundball, 6, EV 96.9 MPH)
|
Batting: RHB Bastiaan Pieterse
|
0-0: Swinging Strike 0-1: Ball 1-1: Ball 2-1: Swinging Strike 2-2: Foul Ball, location: 2F 2-2: Ball 3-2: Foul Ball, location: 2F 3-2: Foul Ball, location: 2F 3-2: Strikes out looking
|
Batting: RHB Claudio Tappen
|
0-0: Called Strike 0-1: Ground out U3 (Groundball, 34S, EV 83.1 MPH)
|
Top of the 10th over - 0 runs, 0 hits, 0 errors, 0 left on base; Seattle 4 - Houston 4 |
BOTTOM OF THE 10TH |
Houston 1837 BBC batting - Pitching for Seattle Rocketeers : RHP Min-chor Chon
|
Pitching: RHP Dragutin Petrovic
|
|
Batting: SHB Yeow-whye Zhu
|
0-0: SINGLE (Line Drive, 5D, EV 95.0 MPH)
|
Batting: LHB Ramiro Palmeiro
|
0-0: Called Strike 0-1: Swinging Strike 0-2: Strikes out looking
|
Batting: SHB Zack Murphy
|
0-0: Foul Ball, location: 2F 0-1: Ground out 3-1 (Groundball, 3, EV 86.2 MPH) Yeow-whye Zhu to second
|
Batting: LHB César Gómes
|
0-0: Swinging Strike 0-1: Swinging Strike 0-2: Ball 1-2: Ball 2-2: Foul Ball, location: 2F 2-2: Foul Ball, location: 2F 2-2: Strikes out swinging
|
Bottom of the 10th over - 0 runs, 1 hit, 0 errors, 1 left on base; Seattle 4 - Houston 4 |
TOP OF THE 11TH |
Seattle Rocketeers batting - Pitching for Houston 1837 BBC : RHP Edmond McCord
|
Batting: RHB Alain Grosjean
|
0-0: Ground out U3 (Groundball, 34, EV 82.5 MPH)
|
Batting: RHB Meester Gobbles-Rooster
|
0-0: Ball 1-0: SOLO HOME RUN (Flyball, 7D, EV 106.2 MPH), Distance : 402 ft
|
Batting: SHB Charles Geudre
|
0-0: Ball 1-0: Called Strike 1-1: Ground out 1-3 (Groundball, P, EV 88.1 MPH)
|
Batting: SHB Lodd Felton
|
0-0: Ball 1-0: Ball 2-0: Ground out 4-3 (Groundball, 4, EV 85.0 MPH)
|
Top of the 11th over - 1 run, 1 hit, 0 errors, 0 left on base; Seattle 5 - Houston 4 |
BOTTOM OF THE 11TH |
Houston 1837 BBC batting - Pitching for Seattle Rocketeers : RHP Dragutin Petrovic
|
Batting: RHB Adam Smith
|
0-0: Foul Ball, location: 2F 0-1: Ball 1-1: Called Strike 1-2: Ground out 6-3 (Groundball, 6, EV 87.5 MPH)
|
Batting: LHB Javier Seco
|
0-0: SINGLE (Flyball, 7LS, EV 93.1 MPH)
|
Batting: RHB Krystof Melichar
|
0-0: Ball 1-0: Fly out, F5 (Line Drive, 5, EV 75.0 MPH)
|
Batting: LHB Bill Dixon
|
0-0: Ball 1-0: Ball 2-0: DOUBLE (Groundball, 3L, EV 108.8 MPH) Javier Seco to third Runner from 3rd tries for Home, SAFE, throw by RF to trailing runner, SAFE at third!
|
Batting: RHB Min-gook Ch'oe
|
0-0: Ball 1-0: Called Strike 1-1: Ball 2-1: SINGLE (Groundball, 6D, EV 96.9 MPH) Bill Dixon scores
|
 |
Wednesday, July 8th, 2020 - OOTP Baseball 20.8 Build 74
|
|